 Dungeon Crawl Stone Soup version 0.21.0-24-g2553a33 (webtiles) character file.

100 tidbits the Carver (level 4, 6/34 HPs)
             Began as a Gnoll Wanderer on Jan 20, 2018.
             Quit the game on level 4 of the Dungeon.
             The game lasted 00:04:48 (623 turns).

tidbits the Carver (Gnoll Wanderer)                  Turns: 623, Time: 00:04:49

Health: 6/34       AC:  5    Str: 11    XL:     4   Next: 73%
Magic:  13/13      EV: 10    Int: 15    God:
Gold:   88         SH:  0    Dex: 16    Spells: 14/17 levels left

rFire    . . .     SeeInvis .   c - +0 falchion
rCold    . . .     Gourm    .   (no shield)
rNeg     . . .     Faith    .   B - +0 ring mail
rPois    .         Spirit   .   (no helmet)
rElec    .         Reflect  .   (no cloak)
rCorr    .         Harm     .   (no gloves)
MR       .....                  (no boots)
Stlth    ++........             (no amulet)
HPRegen  0.11/turn              (no ring)
MPRegen  0.13/turn              (no ring)

@: lethally poisoned (6 -> -3)
A: distributed training, claws 1, fangs 1, camouflage 1, weak 1, no potion heal
1, strong nose
a: no special abilities


You were on level 4 of the Dungeon.
You were very full.

You visited 1 branch of the dungeon, and saw 5 of its levels.

You collected 88 gold pieces.

Inventory:

Hand Weapons
 b - a +0 flail
 c - a +0 falchion (weapon)
Armour
 d - a +0 robe
 B - a +0 ring mail (worn)
Scrolls
 h - a scroll of fear
Books
 a - a book of Minor Magic

   Spells                             Type                      Level
   a - Magic Dart                     Conjuration                  1
   b - Blink                          Translocation                2
   c - Call Imp                       Summoning                    2
   d - Slow                           Hexes                        2
   e - Conjure Flame                  Conjuration/Fire             3
   f - Mephitic Cloud                 Conjuration/Poison/Air       3
Comestibles
 f - 3 rations


   Skills:
 + Level 2.8 Fighting
 + Level 1.2 Short Blades
 + Level 8.6 Long Blades
 + Level 1.2 Axes
 + Level 1.2 Maces & Flails
 + Level 1.2 Polearms
 + Level 1.2 Staves
 + Level 1.2 Slings
 + Level 1.2 Bows
 + Level 1.2 Crossbows
 + Level 1.2 Throwing
 + Level 1.2 Armour
 + Level 1.2 Dodging
 + Level 1.2 Stealth
 + Level 2.8 Shields
 + Level 1.2 Unarmed Combat
 + Level 7.2 Spellcasting
 + Level 1.0 Conjurations
 + Level 1.0 Hexes
 + Level 1.0 Charms
 + Level 1.0 Summonings
 + Level 1.0 Necromancy
 + Level 1.0 Translocations
 + Level 1.0 Transmutations
 + Level 1.0 Fire Magic
 + Level 1.0 Ice Magic
 + Level 1.0 Air Magic
 + Level 1.0 Earth Magic
 + Level 1.0 Poison Magic
 + Level 1.3 Invocations
 + Level 2.8 Evocations


You had 14 spell levels left.
You knew the following spells:

 Your Spells              Type           Power        Failure   Level  Hunger
a - Magic Dart            Conj           #...         21%         1    None
i - Call Imp              Summ           #.......     30%         2    None


Dungeon Overview and Level Annotations

Branches:
Dungeon (5/15)
 Temple: D:4-7

Altars:
Sif Muna
Uskayaw

Annotations:
D:3 Ijyb


Innate Abilities, Weirdness & Mutations

Your experience applies equally to all skills.
You have very sharp teeth.
Your uncanny sense of smell can sniff out nearby items.
You have sharp fingernails.
Your skin changes colour to match your surroundings (Stealth+).
You are weak. (Str -2)
Potions are less effective at restoring your health.


Message History

Things that are here:
a flail; a ring mail
b - a flail;
e - a ring mail Wear which item? (? for menu, Esc to quit)
You start removing your armour.
You continue taking off your +0 robe. x4
You finish taking off your +0 robe.
You start putting on your armour.
You continue putting on your ring mail. x5
You finish putting on your +0 ring mail.
Okay, then.
Adjust (i)tems, (s)pells, or (a)bilities?
Adjust which item? (? for menu, Esc to quit)
e - a +0 ring mail (worn)
Adjust to which letter? (? for menu, Esc to quit)
B - a +0 ring mail (worn)
Found an emerald potion.
You see here a ration.
You eat the ration.
That ration really hit the spot!
You see here an emerald potion.
e - an emerald potion
There is a stone staircase leading down here.
You climb downwards.
An orc comes into view. It is wielding a whip.
The orc shouts!
Found 9 gold pieces.
There is a stone staircase leading up here.
An orc comes into view.
A ball python comes into view.
An orc and an orc priest come into view.
The orc is wielding a mace of crushing.
The ball python hisses angrily.
The orc shouts!
The orc priest shouts!
The orc shouts!
There is a stone staircase leading up here.
You climb upwards.
There is a stone staircase leading down here.
Unknown command.
Okay, then.
A worker ant comes into view.
An adder comes into view.
The adder hisses angrily.
Found 16 stones.
The worker ant twitches its antennae in your direction.
You barely miss the adder. The adder closely misses you.
You riposte.
You miss the adder. You hit the adder.
The adder is heavily wounded.
The adder bites you.
* * * LOW HITPOINT WARNING * * *
You are poisoned.
The adder poisons you!
You hit the adder. Your bite misses the adder.
The adder is almost dead.
You feel sick. The adder bites you.
* * * LOW HITPOINT WARNING * * *
You closely miss the adder.
The adder is almost dead.
The worker ant bites you.
* * * LOW HITPOINT WARNING * * *
The adder misses you.
You riposte.
You miss the adder.
The adder is almost dead.
You miss the adder. You bite the adder.
You kill the adder!
Your Conjurations skill increases to level 1!
Your Hexes skill increases to level 1!
Your Charms skill increases to level 1!
Your Summonings skill increases to level 1!
Your Necromancy skill increases to level 1!
Your Translocations skill increases to level 1!
Your Transmutations skill increases to level 1!
Your Fire Magic skill increases to level 1!
Your Ice Magic skill increases to level 1!
Your Air Magic skill increases to level 1!
Your Earth Magic skill increases to level 1!
Your Poison Magic skill increases to level 1!
The worker ant bites you.
* * * LOW HITPOINT WARNING * * *
It was a potion of mutation.
You feel extremely strange.
Your system partially rejects the healing effects of potions.
You feel weaker.
Your skin functions as natural camouflage.
Your fingernails lengthen.
You feel sick. The worker ant closely misses you.
The worker ant barely misses you.
You riposte.
You closely miss the worker ant.
You hit the worker ant but do no damage.
The worker ant bites you.
* * * LOW HITPOINT WARNING * * *
You are lethally poisoned!
The worker ant poisons you!
You hit the worker ant.
The worker ant is moderately wounded.
* * * LOW HITPOINT WARNING * * *
You feel sick. The worker ant misses you.
You barely miss the worker ant.
The worker ant is moderately wounded.
* * * LOW HITPOINT WARNING * * *
You feel sick.
The worker ant bites you but does no damage.
You closely miss the worker ant.
The worker ant is moderately wounded.
The worker ant bites you.
* * * LOW HITPOINT WARNING * * *
Are you sure you want to abandon this character and quit the game? (Confirm with "yes".)

.........###.....
................. ..
.........######## ...
.........#############....
#.#.####.........#.....###
#.#.####.........#........
#>........................
#####.##.......a.#........
#.##........@#S.......
#.############........
#.### #........ #...#
#........ ###.# #........
#######.# .......
#.......# #.#######
...######


You could see a worker ant.

Vanquished Creatures
  A centaur skeleton (D:4)
  A hound (D:4)
  2 adders
  2 dart slugs (D:1)
  A leopard gecko (D:1)
  An orc (D:4)
  5 bats
  A giant cockroach (D:3)
  2 goblins
  3 hobgoblins (D:1)
  A kobold (D:1)
  A rat (D:1)
21 creatures vanquished.

Notes
Turn   | Place    | Note
-------+----------+-------------------------------------------
     0 | D:1      | tidbits the Gnoll Wanderer began the quest for the Orb.
     0 | D:1      | tidbits set off with: a book of Minor Magic, a scroll of teleportation, a +0 falchion, a +0 robe, a ration
     0 | D:1      | Reached XP level 1. HP: 17/17 MP: 8/8
     2 | D:1      | Learned a level 1 spell: Magic Dart
    62 | D:1      | Reached XP level 2. HP: 17/23 MP: 10/10
    66 | D:1      | Learned a level 2 spell: Call Imp
   299 | D:2      | Reached XP level 3. HP: 12/28 MP: 11/11
   416 | D:3      | Found a hide-covered altar of Uskayaw.
   418 | D:3      | Noticed Ijyb
   429 | D:3      | Found a deep blue altar of Sif Muna.
   458 | D:4      | Reached skill level 1 in Short Blades
   458 | D:4      | Reached skill level 1 in Axes
   458 | D:4      | Reached skill level 1 in Maces & Flails
   458 | D:4      | Reached skill level 1 in Polearms
   458 | D:4      | Reached skill level 1 in Staves
   458 | D:4      | Reached skill level 1 in Slings
   458 | D:4      | Reached skill level 1 in Bows
   458 | D:4      | Reached skill level 1 in Crossbows
   458 | D:4      | Reached skill level 1 in Throwing
   458 | D:4      | Reached skill level 1 in Armour
   458 | D:4      | Reached skill level 1 in Dodging
   458 | D:4      | Reached skill level 1 in Stealth
   458 | D:4      | Reached skill level 1 in Unarmed Combat
   458 | D:4      | Reached skill level 1 in Invocations
   458 | D:4      | Reached XP level 4. HP: 12/34 MP: 13/13
   540 | D:4      | HP: 2/34 [orc/flail (5)]
   584 | D:5      | Entered Level 5 of the Dungeon
   617 | D:4      | Reached skill level 1 in Conjurations
   617 | D:4      | Reached skill level 1 in Hexes
   617 | D:4      | Reached skill level 1 in Charms
   617 | D:4      | Reached skill level 1 in Summonings
   617 | D:4      | Reached skill level 1 in Necromancy
   617 | D:4      | Reached skill level 1 in Translocations
   617 | D:4      | Reached skill level 1 in Transmutations
   617 | D:4      | Reached skill level 1 in Fire Magic
   617 | D:4      | Reached skill level 1 in Ice Magic
   617 | D:4      | Reached skill level 1 in Air Magic
   617 | D:4      | Reached skill level 1 in Earth Magic
   617 | D:4      | Reached skill level 1 in Poison Magic
   618 | D:4      | Gained mutation: Potions are less effective at restoring your health. [potion of mutation]
   618 | D:4      | Gained mutation: You are weak. (Str -2) [potion of mutation]
   618 | D:4      | Gained mutation: Your skin changes colour to match your surroundings (Stealth+). [potion of mutation]
   618 | D:4      | Gained mutation: You have sharp fingernails. [potion of mutation]
   623 | D:4      | Quit the game

Skill      XL: |  1  2  3  4 |
---------------+-------------+-----
Short Blades   | 1 |  1.2
Axes           | 1 |  1.2
Maces & Flails | 1 |  1.2
Polearms       | 1 |  1.2
Staves         | 1 |  1.2
Slings         | 1 |  1.2
Bows           | 1 |  1.2
Crossbows      | 1 |  1.2
Throwing       | 1 |  1.2
Armour         | 1 |  1.2
Dodging        | 1 |  1.2
Stealth        | 1 |  1.2
Unarmed Combat | 1 |  1.2
Invocations    | 1 |  1.3
Conjurations   | 1 |  1.0
Hexes          | 1 |  1.0
Charms         | 1 |  1.0
Summonings     | 1 |  1.0
Necromancy     | 1 |  1.0
Translocations | 1 |  1.0
Transmutations | 1 |  1.0
Fire Magic     | 1 |  1.0
Ice Magic      | 1 |  1.0
Air Magic      | 1 |  1.0
Earth Magic    | 1 |  1.0
Poison Magic   | 1 |  1.0
Fighting       | |  2.8
Long Blades    | |  8.6
Shields        | |  2.8
Spellcasting   | |  7.2
Evocations     | |  2.8

Action                   |  1- 3 |  4- 6 || total
-------------------------+-------+-------++-------
Melee: Falchion          |    66 |    18 ||    84
       Bite              |     5 |     2 ||     7
  Use: Scroll            |     5 |       ||     5
       Potion            |       |     2 ||     2
  Eat: Ration            |     1 |     1 ||     2
Armor: Robe              |    14 |     1 ||    15
       Ring mail         |       |     1 ||     1
Dodge: Dodged            |    46 |     9 ||    55
       Rpst.: Falchion   |    19 |     5 ||    24

Table legend:
 A = Turns spent in this place as a percentage of turns spent in the entire game.
 B = Non-inter-level travel turns spent in this place as a percentage of non-inter-level travel turns spent in the entire game.
 C = Inter-level travel turns spent in this place as a percentage of turns spent in this place.
 D = Turns resting spent in this place as a percentage of non-inter-level travel turns spent in this place.
 E = Turns spent auto-exploring this place as a percentage of non-inter-level travel turns spent in this place.
 F = Non-inter-level travel turns spent in this place divided by the number of levels of this place that you've seen.
                   A       B       C       D       E      F
               +-------+-------+-------+-------+-------+----------------------
         Total | 100.0 | 100.0 |   3.7 |   0.0 |   0.0 | 120.0
       Dungeon | 100.0 | 100.0 |   3.7 |   0.0 |   0.0 | 120.0
               +-------+-------+-------+-------+-------+----------------------

Table legend:
 A = Kills in this place as a percentage of kills in entire the game.
 B = Kills by you in this place as a percentage of kills by you in the entire game.
 C = Kills by friends in this place as a percentage of kills by friends in the entire game.
 D = Other kills in this place as a percentage of other kills in the entire game.
 E = Experience gained in this place as a percentage of experience gained in the entire game.
 F = Experience gained in this place divided by the number of levels of this place that you have seen.
                   A       B       C       D       E      F
               +-------+-------+-------+-------+-------+----------------------
         Total | 100.0 | 100.0 |   N/A |   N/A | 100.0 |  28.6
       Dungeon | 100.0 | 100.0 |   N/A |   N/A | 100.0 |  28.6
               +-------+-------+-------+-------+-------+----------------------

Vault maps used:
D:1:      tarquinn_simple_flora_water_d
D:2:      grunt_temple_overflow_opulence, first_ration, uniq_natasha
D:3:      overflow_temple_1_default, nicolae_overflow_hidden_temple,
          kennysheep_generic_room_15, uniq_ijyb, uniq_crazy_yiuf_cottage
D:4:      okawaru_metal_pillars_1_2, serial_shops, shop, uniq_eustachio
D:5:      minmay_temple_entry_statues_fountains, elyvilon_altar_4
